 Dungeon Crawl Stone Soup version 0.29-a0-845-g6161e89988 (webtiles) character file.

Game seed: 12738372711553634305

290 IdlyInterested the Trooper (level 6, 0/48 HPs)
             Began as a Demonspawn Fighter on July 15, 2022.
             Slain by a gnoll
             ... wielding a +0 halberd
             ... led by a gnoll bouda
              (10 damage)
             ... on level 4 of the Dungeon.
             The game lasted 00:08:13 (2712 turns).

IdlyInterested the Trooper (Demonspawn Fighter)     Turns: 2712, Time: 00:08:14

Health: 0/48       AC: 13    Str: 18    XL:     6   Next: 9%
Magic:  7/7        EV:  5    Int:  8    God:
Gold:   984        SH:  5    Dex: 16    Spells: 7/7 levels left

rFire   . . .      SeeInvis +   f - +0 morningstar (drain)
rCold   . . .      Faith    .   c - +0 buckler
rNeg    . . .      Spirit   .   g - +0 plate armour
rPois   .          Reflect  .   (no helmet)
rElec   .          Harm     .   (no cloak)
rCorr   .          Rampage  .   r - +1 pair of gloves
Will    .....                   (no boots)
Stlth   ..........              (no amulet)
HPRegen 1.16/turn               n - ring of see invisible
MPRegen 0.10/turn               (no ring)

@: no status effects
A: powered by death 2, agile 1, no potion heal 1
a: no special abilities


You were on level 4 of the Dungeon.
You visited 1 branch of the dungeon, and saw 4 of its levels.

You collected 984 gold pieces.

Inventory:

Hand Weapons
 a - a +0 flail
 f - a +0 morningstar of draining (weapon)
Armour
 c - a +0 buckler (worn)
 g - a +0 plate armour (worn)
 r - a +1 pair of gloves (worn)
Magical Staves
 i - a staff of death
 t - a staff of earth
Jewellery
 n - a ring of see invisible (left hand)
Wands
 l - a wand of charming (5)
Scrolls
 s - 2 scrolls of enchant armour
 v - a scroll of magic mapping
 w - a scroll of amnesia
 y - a scroll of fear
 A - 3 scrolls of blinking
Potions
 d - 2 potions of might
 e - a potion of brilliance
 h - 2 potions of resistance
 j - a potion of mutation
 k - 2 potions of heal wounds
 m - a potion of cancellation
 o - a potion of curing
 p - a potion of flight {unknown}
 q - a potion of haste {unknown}


   Skills:
 + Level 4.2 Fighting
 * Level 4.2 Maces & Flails
 - Level 1.0 Throwing
 - Level 3.0 Armour
 * Level 0.5 Dodging
 - Level 1.0 Stealth
 - Level 2.6 Shields
 - Level 1.0 Spellcasting
 - Level 1.0 Evocations


You had 7 spell levels left.
You didn't know any spells.
Your spell library was empty.

Dungeon Overview and Level Annotations

Branches:
Dungeon (4/15)
 Temple: D:4-7

Altars:
Ashenzari


Innate Abilities, Weirdness & Mutations

You regenerate health from kills.
You are agile. (Dex +4, Str/Int -1)
Potions are less effective at restoring your health.


Message History

The quokka bites you. The goblin hits you but does no damage.
The gnoll bouda hits you but does no damage.
You hit the gnoll bouda but do no damage.
The gnoll bouda is moderately wounded.
The gnoll hits you but does no damage. The quokka barely misses you.
You block the goblin's attack.
The gnoll bouda gazes fiercely through you!
You feel your attacks grow feeble. You block the gnoll bouda's attack.
You sock the gnoll bouda! You drain the gnoll bouda.
You kill the gnoll bouda!
The quokka bites you but does no damage.
The goblin barely misses you. The gnoll hits you but does no damage.
The quokka bites you but does no damage.
The gnoll hits you with a +0 flail.
You have reached level 6!
The gnoll barely misses you. The gnoll attacks as you move away!
The gnoll hits you with a +0 flail.
* * * LOW HITPOINT WARNING * * *
The goblin attacks as you move away! The goblin hits you but does no damage.
Your attacks no longer feel as feeble.
You hit the goblin.
You kill the goblin!
The gnoll hits you but does no damage. x2
You hit the gnoll but do no damage. You drain the gnoll.
The gnoll is moderately wounded.
The gnoll is no longer moving quickly.
The gnoll hits you with a +0 flail.
* * * LOW HITPOINT WARNING * * *
The gnoll hits you but does no damage.
You hit the gnoll.
The gnoll is severely wounded.
The gnoll is no longer moving quickly. x2; The gnoll barely misses you.
The gnoll hits you but does no damage.
The gnoll hits you from afar with a +0 halberd.
* * * LOW HITPOINT WARNING * * *
The gnoll barely misses you.
You sock the gnoll!
You kill the gnoll!
The gnoll hits you from afar with a +0 halberd!
You die...

.#.#.# ..# .#.... #..
.##### #.# .# #.# .# #.# .#
#.#####.# .#########
#.......#######
.........##########r.......
########........@)gg#######
##############


You could see 2 gnolls and a quokka.

Vanquished Creatures
  Sigmund (D:3)
  A jelly (D:3)
  A gnoll bouda (D:4)
  2 adders
  A gnoll (D:4)
  2 orcs (D:3)
  4 bats
  4 endoplasms
  2 giant cockroaches (D:2)
  8 goblins
  3 hobgoblins
  4 kobolds
  4 quokkas
  5 ball pythons
  3 frilled lizards
  2 rats
47 creatures vanquished.

Notes
Turn   | Place    | Note
-------+----------+-------------------------------------------
     0 | D:1      | IdlyInterested the Demonspawn Fighter began the quest for
                  | the Orb.
     0 | D:1      | Reached XP level 1. HP: 18/18 MP: 1/1
   158 | D:1      | Gained mutation: You regenerate a little health from kills.
                  | [demonic ancestry]
   158 | D:1      | Reached XP level 2. HP: 24/24 MP: 2/2
   255 | D:1      | Reached skill level 1 in Stealth
   664 | D:2      | Gained mutation: You regenerate health from kills. [demonic
                  | ancestry]
   664 | D:2      | Reached XP level 3. HP: 29/29 MP: 3/3
   724 | D:2      | Identified a scroll of acquirement
   724 | D:2      | Acquired 710 gold pieces
   985 | D:2      | Gained mutation: Potions are less effective at restoring
                  | your health. [potion of mutation]
   985 | D:2      | Gained mutation: You are agile. (Dex +4, Str/Int -1)
                  | [potion of mutation]
  1007 | D:2      | Reached skill level 1 in Evocations
  1712 | D:3      | Reached XP level 4. HP: 32/35 MP: 3/5
  1832 | D:3      | Found a broken altar of Ashenzari.
  1940 | D:3      | Reached skill level 1 in Spellcasting
  1957 | D:3      | Noticed Sigmund
  1970 | D:3      | Killed Sigmund
  1971 | D:3      | Reached skill level 1 in Throwing
  1971 | D:3      | Reached XP level 5. HP: 35/42 MP: 6/6
  2152 | D:3      | Found a faded altar of an unknown god.
  2706 | D:4      | Reached XP level 6. HP: 16/48 MP: 7/7
  2712 | D:4      | Slain by a gnoll

Illustrated notes

Levels and vault maps discovered:
D:1:      lightli_arrival_lavapool, layout_rooms
D:2:      layout_basic, chequers_serial_rivers_micro_e
D:3:      layout_basic, amcnicky_altar_gilded,
          dreamdust_ecumenical_altar_statues, uniq_sigmund
D:4:      minmay_clustersquares, layout_loops_ring,
          minmay_temple_entry_nine_rooms, minmay_manual_monstrance

Skill      XL: |  1  2  3  4 |
---------------+-------------+-----
Maces & Flails | 2 4 |  4.2
Stealth        | 1 |  1.0
Armour         | 3 |  3.0
Evocations     | 1 |  1.0
Spellcasting   | 1 |  1.0
Fighting       | 4 |  4.2
Throwing       | 1 |  1.0
Dodging        | |  0.5
Shields        | |  2.6

Action                   |  1- 3 |  4- 6 || total
-------------------------+-------+-------++-------
Melee: Flail             |   104 |       ||   104
       Morningstar       |       |    43 ||    43
  Use: Scroll            |    11 |     6 ||    17
       Potion            |     1 |       ||     1
Armor: Scale mail        |    50 |       ||    50
       Plate armour      |     3 |    51 ||    54
Dodge: Dodged            |    47 |    21 ||    68
Block: Buckler           |    20 |    17 ||    37

Table legend: (Time is in decaauts)
 A = Elapsed time spent in this place.
 B = Non-inter-level travel time spent in this place.
 C = Inter-level travel time spent in this place.
 D = Time resting spent in this place.
 E = Time spent auto-exploring this place.
 F = Levels seen in this place.
 G = Mean time per level.
                   A        B        C        D        E       F      G
               +--------+--------+--------+--------+--------+-----+--------+
         Total |   2762 |   2344 |    418 |    349 |   1384 |   4 |  690.5 |
       Dungeon |   2762 |   2344 |    418 |    349 |   1384 |   4 |  690.5 |
               +--------+--------+--------+--------+--------+-----+--------+

Top non-repeatable levels by time:
     D:2: 1164 daAuts
     D:3: 757 daAuts
     D:1: 690 daAuts
     D:4: 150 daAuts
